Cogmind - Beta 12 @@@ ROGUE MODE // 2023.06.17 @ 15:24:00 Player: szymekc Result: Destroyed by D-53 Grenadier with Mini Grenade Launcher Performance ------------- Evolutions (0) 0 Regions Visited (4) 800 Robots Destroyed (9) 45 Value Destroyed (302) 302 Prototype IDs (26) 520 Alien Tech Used (0) 0 Bonus (314) 314 TOTAL SCORE: 1981 Bonus ------- Follower Combat Kills 14 Aligned with FarCom 300 Cogmind --------- Core Integrity 0/250 Matter 243/300 Energy 52/100 System Corruption 0% Temperature Cool (0) Movement Treading (240) Ox1 Location -9/Mines Parts ------- > --- POWER (1) -------- (None) > --- PROPULSION (2) --- Light Treads > --- UTILITY (2) ------ Large Storage Unit Improved Trap Extractor (4/6 Heavy EX) > --- WEAPON (2) ------- Heavy Assault Rifle Rocket Launcher > --- INVENTORY (15) --- Light Nuclear Core Aluminum Leg Carbon-fiber Leg Carbon-fiber Leg Improved Heat Sink Medium Battery (150) High-capacity Matter Pod (200) Terrain Scanner Cloak of Protection Heavy Assault Rifle Heavy Assault Rifle Improved Datajack Scythe Peak State ------------ > --- POWER ------------ Light Nuclear Core > --- PROPULSION ------- Light Treads Light Treads > --- UTILITY ---------- Large Storage Unit Improved Trap Extractor > --- WEAPON ----------- Heavy Assault Rifle Improved Datajack > --- INVENTORY -------- Light Nuclear Core Aluminum Leg Carbon-fiber Leg Carbon-fiber Leg Improved Heat Sink High-capacity Matter Pod Improved Sensor Array Terrain Scanner Heavy Assault Rifle Heavy Assault Rifle Rocket Launcher Rocket Launcher Rocket Launcher Rocket Launcher Scythe [Rating: 18] Favorites ----------- Power Light Nuclear Core Engine Light Ion Engine Power Core Light Nuclear Core Propulsion Light Treads Treads Light Treads Leg Aluminum Leg Utility Large Storage Unit Device Improved Trap Extractor Storage Large Storage Unit Weapon Heavy Assault Rifle Energy Gun Improved EM Shotgun Ballistic Gun Heavy Assault Rifle Launcher Rocket Launcher Special Weapon Mining Laser Special Melee Weapon Improved Datajack Build | -11 -10 -10 -10 -9 ------- Run | Jun Mat Min Exi Min Slots Evolved . | . . . . . Power . | . . . . . Propulsion . | . . . . . Utility . | . . . . . Weapon . | . . . . . Parts Attached 21 | . 11 4 1 5 Power 3 | . 1 2 . . Engine 1 | . 1 . . . Core 2 | . . 2 . . Reactor . | . . . . . Propulsion 3 | . 2 . . 1 Treads 3 | . 2 . . 1 Leg . | . . . . . Wheel . | . . . . . Hover . | . . . . . Flight . | . . . . . Utility 3 | . 2 1 . . Device 2 | . 1 1 . . Storage 1 | . 1 . . . Processor . | . . . . . Hackware . | . . . . . Protection . | . . . . . Artifact . | . . . . . Weapon 12 | . 6 1 1 4 Energy Gun 2 | . 2 . . . Energy Cannon . | . . . . . Ballistic Gun 5 | . 3 1 . 1 Ballistic Cannon . | . . . . . Launcher 3 | . . . . 3 Special Weapon 1 | . 1 . . . Impact Weapon . | . . . . . Slashing Weapon . | . . . . . Piercing Weapon . | . . . . . Special Melee Weapon 1 | . . . 1 . Unidentified Prototypes 1 | . 1 . . . Parts Lost 4 | . . . . 4 Power 1 | . . . . 1 Propulsion 1 | . . . . 1 Utility . | . . . . . Weapon 2 | . . . . 2 Highest Loss Streak 4 | . . . . 4 To Critical Strikes . | . . . . . Average Slot Usage (%) 98 | . 96 100 100 98 Engine 5 | . 14 2 . . Core 8 | . . 11 14 13 Treads 21 | . 7 28 28 27 Leg 6 | . 20 . . . Device 12 | . 10 14 14 14 Storage 14 | . 14 14 14 14 Energy Gun 1 | . 3 2 . . Ballistic Gun 19 | . 22 25 15 13 Launcher 1 | . . . . 14 Special Melee Weapon 4 | . . . 12 . Naked Turns . | . . . . . Heaviest Build 35 | 12 32 34 34 35 Greatest Support 40 | 20 40 40 40 40 Greatest Overweight (x) 1 | . 1 . . . Average Overweight (x) . | . . . . . Largest Inventory Capacity 15 | 8 15 15 15 15 Average Capacity 13 | 8 10 15 15 15 Most Carried 15 | 6 15 15 15 15 Average Carried 13 | 6 9 14 14 14 Final Capacity 15 | 8 15 15 15 15 Final Carried 15 | 6 15 15 15 13 Class Distribution -------------------- 100% | Mutant Dominant Class ---------------- Mutant | -10/Materials Mutant | -10/Mines Mutant | -10/Exiles Mutant | -9/Mines Resources | -11 -10 -10 -10 -9 ----------- Run | Jun Mat Min Exi Min Matter Collected 719 | 200 237 224 10 48 Remotely . | . . . . . Salvage Created 310 | . 243 17 . 50 Parts 22 | . 16 2 . 4 Haulers Intercepted . | . . . . . Recyclers Shooed . | . . . . . Parts Field Recycled . | . . . . . Retrieved Matter . | . . . . . Parts Self-Destructed . | . . . . . Prevented . | . . . . . Kills | -11 -10 -10 -10 -9 ------- Run | Jun Mat Min Exi Min Combat Hostiles Destroyed 8 | . 5 1 . 2 Guns 6 | . 5 1 . . AOE 2 | . . . . 2 Classes Destroyed 3 | . 2 1 . . Builder 1 | . 1 . . . Swarmer 1 | . . 1 . . Grunt 7 | . 5 . . 2 Best Kill Streak 3 | . 3 1 . 2 Combat Bots Only 2 | . 2 1 . 2 Max Kills in Single Turn 2 | . 2 1 . 2 Gunslinging 1 | . 1 . . . Exploded 2 | . . . . 2 Melee . | . . . . . Uniques/NPCs Destroyed . | . . . . . Combat | -11 -10 -10 -10 -9 -------- Run | Jun Mat Min Exi Min Damage Taken 1186 | . 479 41 . 666 Core 258 | . 79 17 . 162 Absorbed by Shields . | . . . . . Core Remaining (%) 100 | 100 . . . . Volleys Fired 28 | . 22 1 . 5 Largest 2 | . 2 2 . 2 Hottest 68 | . 68 46 . 66 Shots Fired 54 | . 43 2 . 9 Gun 48 | . 43 2 . 3 Cannon . | . . . . . Launcher 6 | . . . . 6 Special . | . . . . . Kinetic 41 | . 36 2 . 3 Thermal . | . . . . . Explosive 6 | . . . . 6 Electromagnetic 7 | . 7 . . . Robot Hit Streak 6 | . 6 1 . 3 Robot Miss Streak 4 | . 4 1 . 4 Penetration Max . | . . . . . Secondary Targets 1 | . 1 . . . Max Gunslinging Chain 1 | . 1 . . . Shots Hit Robots 31 | . 27 1 . 3 Core Hits 22 | . 12 1 . 9 Critical Kills . | . . . . . Critical Parts Destroyed 1 | . 1 . . . Critical Strikes 1 | . 1 . . . Destroy 1 | . 1 . . . Melee Attacks . | . . . . . Impact . | . . . . . Slashing . | . . . . . Piercing . | . . . . . Sneak Attacks . | . . . . . Combat Hostiles . | . . . . . Follow-up Attacks . | . . . . . Damage Inflicted 725 | . 512 17 . 196 Guns 420 | . 403 17 . . Cannons . | . . . . . Explosions 295 | . 99 . . 196 Melee . | . . . . . Ramming 10 | . 10 . . . Kinetic 305 | . 288 17 . . Thermal 99 | . 99 . . . Explosive 196 | . . . . 196 Electromagnetic 115 | . 115 . . . Impact . | . . . . . Slashing . | . . . . . Piercing . | . . . . . Highest Corruption . | . . . . . Average Corruption . | . . . . . Corruption Purged . | . . . . . Corruption Blocked . | . . . . . Overload Shots . | . . . . . Overflow Damage . | . . . . . Projectiles . | . . . . . Explosions . | . . . . . Melee . | . . . . . Knockbacks . | . . . . . Impact . | . . . . . Kinetic . | . . . . . Secondary . | . . . . . Self-Inflicted Damage 85 | . 45 . . 40 Shots 2 | . 1 . . 1 Rammed 1 | . 1 . . . Targets Rammed 1 | . 1 . . . Kicked . | . . . . . Crushed . | . . . . . Highest Temperature 30 | . 20 . . 30 Average Temperature 14 | . 6 . . 21 Received Heat Transfer 294 | . 255 . . 39 Siege Activations . | . . . . . Robots Corrupted . | . . . . . Combat Hostiles . | . . . . . Parts Fried . | . . . . . Impact Corruptions . | . . . . . Robots Melted . | . . . . . Combat Hostiles . | . . . . . Parts Melted . | . . . . . Heat Transferred 100 | . 100 . . . Parts Sabotaged . | . . . . . Parts Stolen . | . . . . . Parts Stripped . | . . . . . Power Chain Reactions 1 | . 1 . . . Missiles Intercepted . | . . . . . Alert | -11 -10 -10 -10 -9 ------- Run | Jun Mat Min Exi Min Peak Influence 183 | . 183 72 . 71 Initial . | . . . . . Average 42 | . 48 15 . 64 Maximum Alert Level . | . . . . . Low Security (%) 100 | 100 100 100 . 100 Level 1 . | . . . . . Level 2 . | . . . . . Level 3 . | . . . . . Level 4 . | . . . . . Level 5 . | . . . . . High Security . | . . . . . Max Security . | . . . . . Squads Dispatched . | . . . . . Investigation . | . . . . . Extermination . | . . . . . Reinforcement . | . . . . . Assault . | . . . . . Garrison . | . . . . . Intercept . | . . . . . Searches Triggered . | . . . . . Construction Impeded . | . . . . . Haulers Reinforced . | . . . . . Active Scanning Responses . | . . . . . Cargo Convoy Interrupts . | . . . . . Stealth | -11 -10 -10 -10 -9 --------- Run | Jun Mat Min Exi Min Distress Signals 2 | . 2 . . . Communications Jammed . | . . . . . Distress Signals . | . . . . . Times Spotted 24 | . 13 3 . 8 Peak Tracking Total 7 | . 4 3 . 7 Tactical Retreats 2 | . 2 . . . Traps | -11 -10 -10 -10 -9 ------- Run | Jun Mat Min Exi Min Traps Triggered 1 | . . 1 . . Indirectly . | . . . . . Trap Hack Attempts . | . . . . . Triggered . | . . . . . Disarmed . | . . . . . Reprogrammed . | . . . . . Reused . | . . . . . Traps Extracted . | . . . . . Installed . | . . . . . Triggered . | . . . . . Most Traps Carried 4 | . . . . 4 Machines | -11 -10 -10 -10 -9 ---------- Run | Jun Mat Min Exi Min Machines Disabled 1 | . . 1 . . Max in Single Turn . | . . . . . Machines Repaired . | . . . . . Machines Sabotaged . | . . . . . Overloaded Fab Kills . | . . . . . Hacking | -11 -10 -10 -10 -9 --------- Run | Jun Mat Min Exi Min Machines Accessed 14 | . 9 2 3 . Terminals 9 | . 8 1 . . Fabricators . | . . . . . Repair Stations 1 | . 1 . . . Recycling Units . | . . . . . Scanalyzers . | . . . . . Garrison Access . | . . . . . Total Hacks 34 | . 21 6 7 . Successful 23 | . 13 3 7 . Failed 11 | . 8 3 . . Catastrophic 4 | . 4 . . . Database Lockouts . | . . . . . Manual 17 | . 13 3 1 . Terminals 24 | . 19 5 . . Fabricators . | . . . . . Repair Stations 2 | . 2 . . . Recycling Units . | . . . . . Scanalyzers . | . . . . . Garrison Access . | . . . . . Terminal Hacks 16 | . 7 2 7 . Record 6 | . . . 6 . Robot Analysis 1 | . 1 . . . Prototype ID Bank 1 | . 1 . . . Open Door 1 | . . 1 . . Alert Level 1 | . 1 . . . Unreport Threat 1 | . 1 . . . Locate Traps 1 | . 1 . . . Patrol Status 1 | . 1 . . . Zone Layout 2 | . 1 1 . . EX-Prototype ID Bank 1 | . . . 1 . Fabricator Hacks . | . . . . . Repair Station Hacks 1 | . 1 . . . Scan Component 1 | . 1 . . . Recycling Unit Hacks . | . . . . . Scanalyzer . | . . . . . Garrison Access Hacks . | . . . . . Unauthorized Hacks 6 | . 5 1 . . Terminals 6 | . 5 1 . . Track 1 | . 1 . . . Assimilate 1 | . 1 . . . Botnet 4 | . 3 1 . . Fabricators . | . . . . . Repair Stations . | . . . . . Recycling Units . | . . . . . Scanalyzers . | . . . . . Garrison Access . | . . . . . Data Cores Recovered . | . . . . . Used . | . . . . . Hacking Detections 10 | . 9 1 . . Full Trace Events . | . . . . . Feedback Events . | . . . . . Feedback Blocked . | . . . . . Robot Schematics Acquired . | . . . . . Robots Built . | . . . . . Authchips . | . . . . . Time . | . . . . . Total Robot Build Rating . | . . . . . Part Schematics Acquired . | . . . . . Parts Built . | . . . . . Authchips . | . . . . . Time . | . . . . . Total Part Build Rating . | . . . . . Parts Repaired . | . . . . . Time . | . . . . . Parts Recycled . | . . . . . Recycled Matter . | . . . . . Retrieved Matter . | . . . . . Retrieved Components . | . . . . . Parts Scanalyzed . | . . . . . Part Schematics Acquired . | . . . . . Parts Damaged . | . . . . . Bothacking | -11 -10 -10 -10 -9 ------------ Run | Jun Mat Min Exi Min Used RIF Installer . | . . . . . Robots Hacked . | . . . . . Non-combat . | . . . . . Combat . | . . . . . Robot Hacks Applied . | . . . . . Relay Couplers Released . | . . . . . Fabnet Peak Effective % . | . . . . . Robots Rewired . | . . . . . Allies Hacked . | . . . . . Hacks Repelled . | . . . . . Allies | -11 -10 -10 -10 -9 -------- Run | Jun Mat Min Exi Min Total Allies 3 | . 1 2 . . Largest Group 2 | . 1 2 1 . Highest-Rated Group 51 | . 10 51 20 . Highest-Rated Ally 31 | . 10 31 20 . Total Orders . | . . . . . Ally Attacks 5 | . . 5 . . Total Damage 64 | . . 64 . . Kills 2 | . . 2 . . Allies Corrupted . | . . . . . Allies Melted . | . . . . . Intel | -11 -10 -10 -10 -9 ------- Run | Jun Mat Min Exi Min Robot Analysis Total 1 | . 1 . . . Derelict Logs Recovered 2 | . . 1 . 1 Drone Launches . | . . . . . Drone Recoveries . | . . . . . Exploration | -11 -10 -10 -10 -9 ------------- Run | Jun Mat Min Exi Min Turns Passed 2500 | 15 830 490 826 339 Spaces Moved 1523 | 13 515 284 512 199 Core . | . . . . . Treads 1111 | . 116 284 512 199 Legs 412 | 13 399 . . . Wheels . | . . . . . Hover . | . . . . . Flight . | . . . . . Fastest Speed 120 | 120 120 160 160 160 Average Speed 150 | 120 132 160 160 160 Slowest Speed 240 | 120 240 160 160 160 Overloaded Moves . | . . . . . Propulsion Burnouts . | . . . . . Robots Hopped . | . . . . . Cave-ins Triggered . | . . . . . Exploration Rate (%) 57 | 3 79 63 93 51 Regions Visited 4 Branch Regions 3 Pre-discovered Areas 2 | . . 1 1 . Known Exits Taken . | . . . . . Unknown Exits Taken 4 | 1 1 1 1 . Scrap Searched 2 | . . 1 . 1 Spaces Dug . | . . . . . Terrain Destroyed 64 | . 4 . . 60 Melee . | . . . . . Projectile . | . . . . . AOE 64 | . 4 . . 60 Terrain Rammed . | . . . . . Walls Destroyed . | . . . . . Machines Disabled . | . . . . . Actions | -11 -10 -10 -10 -9 --------- Run | Jun Mat Min Exi Min Total 1691 | 12 625 325 519 210 Wait 58 | . 42 16 . . Move 1519 | 12 514 283 511 199 Hop . | . . . . . Pick Up 32 | . 20 10 2 . Fast Attach 4 | . 4 . . . Attach 3 | . 1 . . 2 Detach . | . . . . . Swap 14 | . 6 4 1 3 Drop 29 | . 15 11 2 1 Fire 28 | . 22 1 . 5 Melee . | . . . . . Ram . | . . . . . Kick . | . . . . . Crush 1 | . 1 . . . Escape Stasis . | . . . . . Rewire 3 | . . . 3 . Trap . | . . . . . Miscellaneous . | . . . . . Route ------- -11/Junkyard -10/Materials (discovered 4 exits: [*Mat x2] / *Min x2) -10/Mines (discovered 3 exits: [*Mat x2] / *Exi) -10/Exiles (discovered 2 exits: [*Min x2]) -9/Mines (discovered 1 exit: [*Mat]) History --------- Turn | Location | Event 1 | -11/Junkyard | Discovered new exit (range 3) 16 | -11/Junkyard | Entered Materials 107 | -10/Materials | Discovered new exit (range 11) 272 | -10/Materials | Discovered new exit (range 9) 315 | -10/Materials | Build established: Mutant 367 | -10/Materials | Discovered new exit (range 16) 536 | -10/Materials | Discovered new exit (range 5) 846 | -10/Materials | Entered Mines 848 | -10/Mines | Met a Derelict bent on vengeance 921 | -10/Mines | Met a Derelict who couldn't figure out how to use a Trap Extractor 1007 | -10/Mines | Learned location of Mines (-9) 1227 | -10/Mines | Discovered new exit (range 12) 1259 | -10/Mines | Discovered new exit (range 3) 1320 | -10/Mines | Deemed a non-threat by the Exiles lab entrance 1321 | -10/Mines | Discovered new exit (range 5) 1336 | -10/Mines | Entered Exiles 1336 | -10/Exiles | Accompanied by 1 ally 1360 | -10/Exiles | Discovered new exit (range 15) 1380 | -10/Exiles | Met 8R-AWN 1408 | -10/Exiles | Met EX-HEX 1464 | -10/Exiles | Met EX-BIN 1483 | -10/Exiles | Aligned with FarCom system 1485 | -10/Exiles | Given EX-Vault access code 1549 | -10/Exiles | Opened EX-Vault 1562 | -10/Exiles | Found Cloak of Protection 1606 | -10/Exiles | Warned to stay clear of 0b10 Research branches 1651 | -10/Exiles | Met EX-DEC 1659 | -10/Exiles | Learned location of Zion (-7) 1760 | -10/Exiles | Discovered new exit (range 12) 1915 | -10/Exiles | Visited The Gauntlet 2162 | -10/Exiles | Left Exiles lab with Cloak of Protection 2162 | -10/Exiles | Entered Mines 2191 | -9/Mines | Learned Materials trap positions 2287 | -9/Mines | Discovered new exit (range 10) 2459 | -9/Mines | Found a hidden stash of uninstalled traps 2472 | -9/Mines | Assembled infested the area 2477 | -9/Mines | Assisted by a Guerilla fighting off Assembled 2493 | -9/Mines | Core integrity fell below 50% 2501 | -9/Mines | Core integrity fell below 20% 2501 | -9/Mines | Destroyed by D-53 Grenadier with Mini Grenade Launcher Last Messages --------------- 02287_ EXIT=FOUND 02364_ T-07 Excavator is excavating. 02383_ K-01 Serf collects debris. 02419_ T-07 Excavator is excavating. 02430_ K-01 Serf cleans the Matter Pump. 02459_ A stash of uninstalled traps is collected here! 02462_ Imp. Trap Extractor collected Heavy Explosive Trap. 02472_ ALERT: Infestation in the mines, dispatching Demolisher response squad. 02477_ A derelict emerges from the shadows: "You need to get out of here! I've been tracking a group of Assembled to figure out where they're coming from, and they're closing on this area, come on!" 02490_ C-30 ARC bursts open, deploying its payload. 02490_ D-53 Grenadier unfolds itself. 02490_ Rocket Launcher destroyed. 02493_ Lgt. Nuclear Core destroyed. 02495_ The unstable cave ceiling collapses. 02496_ Lgt. Treads destroyed. 02497_ Rocket Launcher destroyed. 02498_ The unstable cave ceiling collapses. Map ----- +----------------------------------------------------+ | ????????????????????????????????????????????????? | | ????????????????????????????????????????????????? | | ????????????????????????????? ??????????????????? | | ????????????????????????????? ??????????????????? | | ????????????????????????????? ??????????????????? | | ???????????????????????????? #??????????????????? | | ???????????????????????????? #??????????????????? | | ???????????????????????????? ??????????????????? | | ???????????????????????????? ??????????????????? | | ???????????????????????????# ???????????????????? | | ?????????????????????????## ???????????????????? | | ????????????????????????## ???????????????????? | | ???????????????????????## ????????????????????? | | ???????????????????????# ????????????????????? | | ??????????????????????## #????????????????????? | | ????????###?????????### #????????????????????? | | ????????# ????????## ##???????????????????? | | ????????# #????????# ##??????????????????? | | ????????# #?????#??# ##?????????????????? | | ????????# #?????# ## #?????????????????? | | ????????# #?????# a #?????????????????? | | ????????# #?????# aa ##?????????????????? | | ????????# #?????##### ##??????????????????? | | ????????# #????????# #??????????????????? | | ???????## #######??# a #??????????###?????? | | ??????## ## ##?# @ #?????????## ????? | | ?????## #?# #????????## ???? | | ?????# ### ### #?????#### ??? | | ?????# ##?## ### # # ##????# #?? | | ?????## ##?## #### ####### ## | | ??????## ### ## ## #?# | | ???????# ## #???# | | ???????## """ ## d #????# | | ????????## """ ### # #????# ## | | ?????????## """ #?# d% ## #????? ##??? | | ??????????## #?# ## ##???????????? | | ???????????# #### # ##??????????? | | ???????????# #?## ##?????????? | | ??????????## #??#### #?????????# | | ????## #### ##??????# #?????????# | | ????# ###???????# ##?????????# | | ????# ##?????????## ####??????????# | | ????# # ##???????????## ##?????????????# | | ????##########?????????????## #??????????????# | | ????????????????????????????## #????#######???# | | ?????????????????????????????## #????# #???# | | ??????????????????????????????# ###### ##### | | ??????????????????????????????# < | | ??????????????????????????????######### ##### | | ??????????????????????????????????????# #???? | +----------------------------------------------------+ Best States ------------- Heat Dissipation 39 Energy Generation 14 Energy Capacity 250 Matter Stores 300 Matter Capacity 300 Sight Range 16 Terrain Scan Density 10 Evasion (%) 55 Recoil Reduction 2 Trap Extractor Capacity 6 Item Schematics ----------------- None Robot Schematics ------------------ None Fabricated ------------ Nothing Alien Tech Used ----------------- None Achievements -------------- None Challenges ------------ None Game ------ Seed AutogunDecoderGun Manual? 0 Play Time 00:36:48 Cumulative 82.3 hours Start 2023.06.17 @ 14:48:02 End 2023.06.17 @ 15:24:00 Sessions 1 Manual Loads 0 Difficulty Rogue Special Mode None Game No. 45 Rogue 43 Adventurer 2 Explorer 0 Win Type - Total 3 Types 3/0/0/0/0/0/0/0/0 Lore% 52 Gallery% 62 Achievement% 51 Wizard Run 0 Options --------- ASCII 0 Keyboard 0 Movement Numpad Keybinds 0 Fullscreen 1 Font 24/Smallcaps Map View 76x50 Tactical HUD 1 Map Filters NONE Filters NONE Steam 1 RUN: 00dd313b-8316-4bc8-bf23-1e73dca84d94